 Dungeon Crawl Stone Soup version 0.30.1-11-g7821555f0a (webtiles) character file.

Game seed: 16147922589210051466

98 jagang the Slasher (level 5, -6/41 HPs)
             Began as a Human Monk on Jan 3, 2024.
             Mangled by a gnoll sergeant
             ... wielding a +1 trident of distortion
              (11 damage)
             ... on level 4 of the Dungeon.
             The game lasted 00:04:33 (2290 turns).

jagang the Slasher (Human Monk)                     Turns: 2290, Time: 00:04:34

Health: -6/41      AC:  5    Str: 11    XL:     5   Next: 1%
Magic:  5/5        EV: 11    Int: 11    God:
Gold:   175        SH:  0    Dex: 17    Spells: 4/4 levels left

rFire   . . .        t - +1 falchion (holy)
rCold   . . .        d - orb {light}
rNeg    . . .        f - +0 ring mail
rPois   .            (no helmet)
rElec   .            (no cloak)
rCorr   .            (no gloves)
SInv    .            (no boots)
Will    .....        (no amulet)
Stlth   +            (no ring)
HPRegen 0.26/turn    (no ring)
MPRegen 0.09/turn

%: no passive effects
@: glowing
A: no striking features
a: no special abilities


You were on level 4 of the Dungeon.
You visited 1 branch of the dungeon, and saw 4 of its levels.

You collected 175 gold pieces.

Inventory:

Hand Weapons
 t - a +1 falchion of holy wrath (weapon)
Missiles
 h - 3 poisoned darts (quivered)
 l - 2 throwing nets
 p - 4 boomerangs
Armour
 d - an orb of light (worn)
 f - a +0 ring mail (worn)
Scrolls
 a - a scroll of butterflies {unknown}
 b - a scroll of poison {unknown}
 e - 2 scrolls of identify {unknown}
 g - 2 scrolls of amnesia {unknown}
 j - 2 scrolls of vulnerability {unknown}
 n - 3 scrolls of teleportation {unknown}
 o - a scroll of enchant armour {unknown}
 s - a scroll of fog {unknown}
Potions
 c - a potion of ambrosia
 i - 3 potions of curing {unknown}
 k - a potion of lignification {unknown}
 m - 3 potions of haste {unknown}
 q - a potion of might {unknown}
 r - a potion of flight {unknown}


   Skills:
 * Level 3.6 Fighting
 * Level 3.7 Long Blades
 * Level 1.7 Armour
 - Level 3.0 Dodging
 + Level 1.2 Shields
 + Level 0.8 Invocations
 + Level 0.8 Evocations


You had 4 spell levels left.
You didn't know any spells.
Your spell library contained the following spells:

 Spells                   Type           Power      Damage    Failure   Level
 Apportation              Tloc           0%         N/A       63%         1
 Necrotise                Necr           0%         1d4       63%         1
 Shock                    Conj/Air       0%         1d3       63%         1
 Summon Small Mammal      Summ           0%         N/A       63%         1
 Swiftness                Air            0%         N/A       94%         3
 Airstrike                Air            0%         2d(0-16)  100%        4


Dungeon Overview and Level Annotations

Branches:
Dungeon (4/15)
 Temple: D:4-7

Altars:


Message History

You climb upwards.
There is a stone staircase leading down here.
You start resting.
HP restored.
You climb downwards.
The gnoll barely misses you.
There is a stone staircase leading up, spattered with blood here.
Throw: 6 darts (poison)
Press: ? - help, Q - select action, (/) - cycle Shift-Dir - straight line, f - gnoll sergeant
Aim: a gnoll sergeant, wielding a +1 trident of distortion and wearing a +0 scale mail (haloed, 86% to hit)
You throw a poisoned dart.
The poisoned dart hits the gnoll sergeant.
The gnoll sergeant is poisoned.
The gnoll hits you from afar with a +0 spear.
Throw: 5 darts (poison)
Press: ? - help, Q - select action, (/) - cycle Shift-Dir - straight line, f/p - gnoll sergeant
Aim: a gnoll sergeant, wielding a +1 trident of distortion and wearing a +0 scale mail (lightly wounded, poisoned, haloed, 86% to hit)
You throw a poisoned dart.
The poisoned dart hits the gnoll sergeant.
The gnoll sergeant looks even sicker.
The gnoll sergeant is lightly wounded.
The gnoll sergeant closely misses you.
The gnoll hits you from afar with a +0 spear.
Throw: 4 darts (poison)
Press: ? - help, Q - select action, (/) - cycle Shift-Dir - straight line, f/p - gnoll sergeant
Aim: a gnoll sergeant, wielding a +1 trident of distortion and wearing a +0 scale mail (lightly wounded, very poisoned, haloed, 86% to hit)
You throw a poisoned dart.
The poisoned dart hits the gnoll sergeant.
The gnoll sergeant looks even sicker.
The gnoll sergeant is lightly wounded.
The gnoll sergeant hits you from afar with a +1 trident of distortion.
You blink.
The gnoll sergeant hits you from afar with a +1 trident of distortion!
Space warps horribly around you!
* * * LOW HITPOINT WARNING * * *
The gnoll barely misses you. The gnoll misses you.
The gnoll sergeant hits you from afar with a +1 trident of distortion.
* * * LOW HITPOINT WARNING * * *
Space warps horribly around you!
You die...

# ####.# ##≈≈≈
#.≈# ####.≈##
###
#@##g≈≈#...#
##..gg..'..?#
#.>gg.≈≈#$..#
#.........#.≈##
###
..#######...≈#
## #..#≈≈≈ #
#.####(# +.. .#
#.. #


You could see a gnoll sergeant (very poisoned) and 3 gnolls.

Vanquished Creatures
  Natasha (D:2)
  2 adders
  An orc (D:3)
  5 endoplasms
  4 giant cockroaches
  A goblin (D:1)
  8 hobgoblins
  3 jackals (D:3)
  A quokka (D:2)
  6 ball pythons
  7 bats
  2 frilled lizards
  5 kobolds
  4 rats
50 creatures vanquished.

Notes
Turn   | Place    | Note
-------+----------+-------------------------------------------
     0 | D:1      | jagang the Human Monk began the quest for the Orb.
     0 | D:1      | Reached XP level 1. HP: 18/18 MP: 1/1
   131 | D:1      | Reached XP level 2. HP: 22/24 MP: 2/2
   225 | D:1      | Found a faded altar of an unknown god.
   416 | D:1      | Reached XP level 3. HP: 29/29 MP: 3/3
   849 | D:2      | Reached skill level 1 in Armour
   934 | D:2      | Reached skill level 1 in Shields
  1367 | D:2      | Noticed Natasha
  1373 | D:2      | Killed Natasha
  1374 | D:2      | Reached XP level 4. HP: 31/35 MP: 4/4
  2003 | D:3      | Reached XP level 5. HP: 41/41 MP: 5/5
  2290 | D:4      | Mangled by a gnoll sergeant

Illustrated notes

Levels and vault maps discovered:
D:1:      psy_arrival_heroes, layout_loops_cross, ebering_ecumenical_altar_rust
D:2:      layout_loops_ring, uniq_natasha
D:3:      layout_basic, minivault_27
D:4:      layout_basic, lemuel_doored_altar, grunt_temple_overflow_opulence,
          nicolae_ru_sacrificial_ziggurat, lightli_minifort, uniq_blork_the_orc,
          uniq_eustachio

Skill      XL: |  1  2  3 |
---------------+----------+-----
Armour         | 1 |  1.7
Shields        | 1 |  1.2
Fighting       | |  3.6
Long Blades    | |  3.7
Dodging        | |  3.0
Invocations    | |  0.8
Evocations     | |  0.8

Action                     |  1- 3 |  4- 6 || total
---------------------------+-------+-------++-------
  Melee: Falchion          |    86 |    34 ||   120
  Throw: Dart              |       |    16 ||    16
         Boomerang         |       |     1 ||     1
 Armour: Ring mail         |    33 |    21 ||    54
  Dodge: Dodged            |    56 |    30 ||    86
